 Dungeon Crawl Stone Soup version 0.26-a0-712-ga5a9c9c9d0 (webtiles) character file.

Game seed: 3007178331506811764

193 raph the Firebug (level 5, 0/38 HPs)
             Began as a Hill Orc Fire Elementalist on Nov 1, 2020.
             Succumbed to a worker ant's poison
             ... on level 5 of the Dungeon.
             The game lasted 00:09:06 (4249 turns).

raph the Firebug (Hill Orc Fire Elementalist)       Turns: 4249, Time: 00:09:07

Health: 0/38       AC:  4    Str: 11    XL:     5   Next: 72%
Magic:  5/7        EV: 12    Int: 16    God:
Gold:   150        SH:  0    Dex: 11    Spells: 3/7 levels left

rFire    . . .     SeeInvis .   n - +0 hand axe
rCold    . . .     Faith    .   (no shield)
rNeg     . . .     Spirit   .   a - +0 robe
rPois    .         Reflect  .   j - +0 helmet
rElec    .         Harm     .   r - +0 cloak
rCorr    .         Rampage  .   (no gloves)
MR       .....                  (no boots)
Stlth    ++........             (no amulet)
HPRegen  0.12/turn              (no ring)
MPRegen  0.10/turn              (no ring)

@: lethally poisoned (0 -> -5)
A: no striking features
a: no special abilities


You were on level 5 of the Dungeon.
You visited 1 branch of the dungeon, and saw 5 of its levels.

You collected 150 gold pieces.

Inventory:

Hand Weapons
 d - a +0 short sword
 n - a +0 hand axe (weapon)
Missiles
 c - 2 boomerangs (quivered)
Armour
 a - a +0 robe (worn)
 f - a +0 hat
 j - a +0 helmet (worn)
 r - a +0 cloak (worn)
Scrolls
 b - 6 scrolls of identify {unknown}
 e - 5 scrolls of remove curse {unknown}
 g - 3 scrolls of magic mapping {unknown}
 i - a scroll of blinking {unknown}
 k - a scroll of amnesia {unknown}
Potions
 h - a potion of heal wounds {unknown}
 l - 2 potions of curing {unknown}
 m - a potion of flight {unknown}
 o - a potion of brilliance {unknown}
 p - a potion of magic {unknown}
 q - a potion of invisibility {unknown}
 s - a potion of stabbing {unknown}


   Skills:
 - Level 1.9 Dodging
 - Level 1.8 Stealth
 - Level 1.9 Spellcasting
 * Level 3.3 Conjurations
 * Level 5.1 Fire Magic


You had 3 spell levels left.
You knew the following spells:

 Your Spells              Type           Power        Failure   Level
a - Foxfire               Conj/Fire      ###.         3%          1
b - Conjure Flame         Conj/Fire      ###.....     11%         3

Your spell library contained the following spells:

 Spells                   Type           Power        Failure   Level
 Inner Flame              Hex/Fire       #.......     22%         3
 Sticky Flame             Conj/Fire      ###.....     36%         4
 Fireball                 Conj/Fire      ###.......   71%         5


Dungeon Overview and Level Annotations

Branches:
Dungeon (5/15)
 Temple: D:4-7

Altars:


Message History

Casting: Foxfire (safe; 3% risk of failure)
Confirm with . or Enter, or press ? or * to list all spells.
Nothing appears to happen.
The foxfire hits the howler monkey but does no damage.
The howler monkey is moderately wounded.
The howler monkey closely misses you.
You fall into a shaft and drop 1 floor!
The shaft crumbles and collapses.
Found a ring mail, a fuming sapphire potion and a scroll labeled YNONYAN PIEMM.
Found a stone staircase leading down.
Unknown command.
The worker ant bites you. The ice beast hits you. The ice beast freezes you!
The worker ant bites you.
* * * LOW HITPOINT WARNING * * *
You are poisoned.
The worker ant poisons you!
You feel sick. The scorpion stings you.
* * * LOW HITPOINT WARNING * * *
The ice beast hits you but does no damage.
You die...

#### .####.... ...
###......... ..#
..#......?. #.#
#>#........ ########.#
#.#....#.#
#.##......@.####...#.....
#......<..s.B........##...
###.......!Y.........[....
#.!.......##.######.!...
###....#####..# ... ####.B
##... # ...Y ###. ...... #
.. ....Y


You could see an ice beast, a scorpion and a worker ant.

Vanquished Creatures
  Crazy Yiuf (D:2)
  Natasha (thrice) (D:2)
  Robin (D:2)
  2 worms (D:2)
  3 dart slugs (D:1)
  3 giant cockroaches
  15 goblins
  6 hobgoblins
  8 jackals
  10 kobolds
  3 bats (D:2)
  7 frilled lizards
  6 rats
68 creatures vanquished.

Vanquished Creatures (others)
  160 foxfires
160 creatures vanquished.

Grand Total: 228 creatures vanquished

Notes
Turn   | Place    | Note
-------+----------+-------------------------------------------
     0 | D:1      | raph the Hill Orc Fire Elementalist began the quest for the
                  | Orb.
     0 | D:1      | Reached XP level 1. HP: 14/14 MP: 3/3
   384 | D:1      | Reached XP level 2. HP: 16/20 MP: 0/4
  1136 | D:1      | Reached XP level 3. HP: 23/26 MP: 2/5
  1558 | D:2      | Learned a level 3 spell: Conjure Flame
  2184 | D:2      | Noticed Robin
  2215 | D:2      | Noticed Natasha
  2248 | D:1      | Reached skill level 4 in Fire Magic
  2693 | D:2      | Reached XP level 4. HP: 33/33 MP: 3/6
  2989 | D:2      | HP: 1/33 [Natasha/magic dart (8)]
  2998 | D:2      | Killed Natasha
  3031 | D:2      | Killed Robin
  3131 | D:2      | Noticed Natasha
  3308 | D:2      | Killed Natasha
  3308 | D:2      | Reached XP level 5. HP: 36/38 MP: 1/7
  3345 | D:2      | Noticed Natasha
  3351 | D:2      | Killed Natasha
  3880 | D:2      | Found a runed translucent door.
  3881 | D:2      | Noticed Crazy Yiuf
  3904 | D:2      | Killed Crazy Yiuf
  3904 | D:2      | Reached skill level 5 in Fire Magic
  4233 | D:3      | You fall into a shaft and drop 2 floors!
  4233 | D:5      | Entered Level 5 of the Dungeon
  4234 | D:5      | Noticed an ice beast
  4241 | D:4      | You fall into a shaft and drop 1 floor!
  4248 | D:5      | HP: 1/38 [scorpion (6)]
  4249 | D:5      | Succumbed to a worker ant's poison

Illustrated notes

Levels and vault maps discovered:
D:1:      minmay_arrival_checkered_box, layout_loops_cross, minmay_heptomino_w4
D:2:      minmay_chambers_of_ones, layout_loops_ring, minmay_door_square,
          uniq_crazy_yiuf_cottage, uniq_natasha, uniq_robin
D:3:      layout_rooms, doesnt_xom_only_xom, roderic_serpentine_path,
          grunt_decor_one_mirror
D:4:      layout_loops_cross, dancing_weapons_uskayaw,
          overflow_temple_1_default, minitemple
D:5:      layout_rooms, serial_shops, shop_statue, solitary_fountain

Skill      XL: |  1  2  3  4  5 |
---------------+----------------+-----
Fire Magic     | 4 5 |  5.1
Conjurations   | 2 3 |  3.3
Dodging        | |  1.9
Stealth        | |  1.8
Spellcasting   | |  1.9

Action                   |  1- 3 |  4- 6 || total
-------------------------+-------+-------++-------
Melee: Unarmed           |     3 |       ||     3
       Short sword       |    15 |       ||    15
       Hand axe          |    22 |    45 ||    67
 Cast: Foxfire           |    81 |    42 ||   123
       Conjure Flame     |       |     1 ||     1
  Use: Potion            |       |     2 ||     2
 Stab: Sleeping          |     1 |     2 ||     3
Armor: Robe              |    13 |     8 ||    21
       Skin              |       |    12 ||    12
Dodge: Dodged            |    69 |    32 ||   101

Table legend: (Time is in decaauts)
 A = Elapsed time spent in this place.
 B = Non-inter-level travel time spent in this place.
 C = Inter-level travel time spent in this place.
 D = Time resting spent in this place.
 E = Time spent auto-exploring this place.
 F = Levels seen in this place.
 G = Mean time per level.
                   A        B        C        D        E       F      G
               +--------+--------+--------+--------+--------+-----+--------+
         Total |   4262 |   4195 |     67 |   2250 |   1127 |   5 |  852.4 |
       Dungeon |   4262 |   4195 |     67 |   2250 |   1127 |   5 |  852.4 |
               +--------+--------+--------+--------+--------+-----+--------+

Top non-repeatable levels by time:
     D:2: 2572 daAuts
     D:1: 1641 daAuts
     D:3: 33 daAuts
     D:5: 11 daAuts
     D:4: 4 daAuts
